 Dungeon Crawl Stone Soup version 0.32-a0-931-g5a2cda0630 (webtiles) character file.

Game seed: 13638875637316138330

816 Foxy the Poker (level 7, -9/56 HPs)
             Began as a Coglin Berserker on Apr 14, 2024.
             Was a Priest of Trog.
             Killed from afar by a hell hound (12 damage)
             ... with a blast of flame
             ... on level 2 of the Abyss.
             The game lasted 00:05:33 (3657 turns).

Foxy the Poker (Coglin Berserker)                   Turns: 3657, Time: 00:05:34

Health: -9/56      AC: 11    Str: 19    XL:     7   Next: 94%
Magic:  7/7        EV: 10    Int:  6    God:    Trog [***...]
Gold:   304        SH:  0    Dex: 14    Spells: 6/6 levels left

rFire   . . .        l - +1 spear (venom) {Noor}
rCold   + . .        t - +2 war axe (heavy) {Juan}
rNeg    . . .        z - +1 scale mail {rC+}
rPois   .            d - +0 helmet
rElec   .            (no cloak)
rCorr   .            e - +2 pair of gloves
SInv    .            (no boots)
Will    .....        (amulet unavailable) Stlth
                     (ring unavailable)
HPRegen 0.29/turn    (ring unavailable)
MPRegen 0.10/turn    (no gizmo)

%: no passive effects
@: revved
A: off-hand wielding, slow wielding, warmup strikes, no jewellery
a: Invent Gizmo, Renounce Religion, Berserk, Trog's Hand


You were on level 2 of the Abyss.
You worshipped Trog.
Trog was most pleased with you.
You visited 1 branch of the dungeon, and saw 6 of its levels.
You visited the Abyss 1 time.

You collected 304 gold pieces.

Inventory:

Hand Weapons
 l - a +1 spear of venom (weapon) {Noor}
 t - a +2 heavy war axe (offhand) {Juan}
Missiles
 s - 5 poisoned darts (quivered)
Armour
 d - a +0 helmet (worn)
 e - a +2 pair of gloves (worn)
 z - a +1 scale mail of cold resistance (worn)
Scrolls
 a - a scroll of enchant weapon {unknown}
 c - 3 scrolls of teleportation {unknown}
 g - a scroll of blinking
 h - 2 scrolls of torment {unknown}
 k - 2 scrolls of silence {unknown}
 p - a scroll of noise {unknown}
 q - 3 scrolls of identify {unknown}
 r - a scroll of amnesia {unknown}
 w - 2 scrolls of immolation {unknown}
 y - a scroll of revelation {unknown}
Potions
 b - 2 potions of curing {unknown}
 f - 3 potions of cancellation {unknown}
 i - a potion of experience {unknown}
 j - 3 potions of enlightenment {unknown}
 m - 2 potions of mutation {unknown}
 n - a potion of heal wounds {unknown}
 o - 2 potions of invisibility {unknown}
 u - 3 potions of resistance {unknown}
 v - 2 potions of attraction {unknown}
 x - a potion of berserk rage {unknown}


   Skills:
 + Level 5.0 Fighting
 + Level 2.7(4.9) Axes
 * Level 5.9(6.1) Polearms
 - Level 1.7 Armour
 + Level 4.0 Dodging


You had 6 spell levels left.
You didn't know any spells.
Your spell library was empty.

Dungeon Overview and Level Annotations

Branches:
Dungeon (6/15)             Temple (0/1) D:5

Altars:
Ashenzari
Trog
Vehumet
Xom
The Shining One

Annotations:
D:6 Dowan, Duvessa, Maggie


Innate Abilities, Weirdness & Mutations

You can wield a second weapon in your off-hand.
It takes a long time for you to wield or remove held weapons.
Your first few attacks do less damage.
You cannot equip rings or amulets.


Message History

A hell hound is nearby!
The hell hound barks!
The hell hound closely misses you. The hell hound breathes flames at you.
The blast of flame hits the hell hound.
The hell hound completely resists.
The blast of flame hits the hell hound.
The hell hound completely resists.
The blast of flame misses you.
The hell hound bites you but does no damage.
You barely miss the hell hound with your +2 heavy war axe.
You hit the hell hound with your +1 spear of venom.
The hell hound bites you but does no damage.
The hell hound barely misses you.
You barely miss the hell hound with your +1 spear of venom.
The hell hound is lightly wounded.
You hit the hell hound but do no damage.
The hell hound bites you. The hell hound breathes flames at you.
The blast of flame hits you!
Unknown command.
You hit the hell hound with your +1 spear of venom.
The hell hound is lightly wounded.
You slash the hell hound with your +2 heavy war axe!
The hell hound barely misses you. x2
You slice the hell hound with your +2 heavy war axe!!
You kill the hell hound!
Trog accepts your kill. The hell hound breathes flames at you.
The blast of flame misses you. The hell hound breathes flames at you.
The blast of flame hits the hell hound.
The hell hound completely resists.
The blast of flame hits you!!
* * * LOW HITPOINT WARNING * * *
Your Fighting skill increases to level 5!
Your Dodging skill increases to level 4!
You barely miss the hell hound with your +2 heavy war axe.
You hit the hell hound with your +1 spear of venom.
The hell hound is poisoned.
The hell hound closely misses you. The hell hound breathes flames at you.
The blast of flame hits you!
You die...

###.#.
#.# #
...##.#
.. ...
...# .
..#..#.#
# ...#
##h..#
#h...#
###h.#
#.@###
##.#
....
...#.#
#######


You could see a hell hound (very poisoned, catching breath).

Vanquished Creatures
  A steam dragon (D:4)
  Edmund (D:5)
  Menkaure (D:4)
  A hell hound (Abyss:2)
  A scorpion (D:5)
  A hound (D:5)
  An iguana (D:5)
  7 gnolls (D:2)
  9 adders
  A white imp (D:5)
  2 ufetubi (D:6)
  3 dart slugs
  2 orcs
  4 ball pythons
  3 bats
  7 endoplasms
  3 giant cockroaches
  6 goblins
  4 hobgoblins
  2 jackals (D:1)
  7 kobolds
  4 quokkas
  3 frilled lizards
  10 rats
84 creatures vanquished.

Notes
Turn   | Place    | Note
-------+----------+-------------------------------------------
     0 | D:1      | Foxy the Coglin Berserker began the quest for the Orb.
     0 | D:1      | Reached XP level 1. HP: 18/18 MP: 1/1
   168 | D:1      | Reached XP level 2. HP: 24/24 MP: 2/2
   634 | D:2      | Reached XP level 3. HP: 29/29 MP: 3/3
   699 | D:2      | Found a faded altar of an unknown god.
   735 | D:2      | Reached ** piety under Trog
   760 | D:2      | Reached XP level 4. HP: 27/35 MP: 4/4
  1178 | D:2      | Reached XP level 5. HP: 42/42 MP: 5/5
  1525 | D:3      | Found a glowing golden altar of the Shining One.
  2067 | D:4      | Noticed Menkaure
  2085 | D:4      | Killed Menkaure
  2086 | D:4      | Reached skill level 1 in Axes
  2086 | D:4      | Reached XP level 6. HP: 24/48 MP: 6/6
  2327 | D:4      | Found a radiant altar of Vehumet.
  2363 | D:4      | Reached *** piety under Trog
  2535 | D:4      | Noticed a steam dragon
  2539 | D:4      | Killed a steam dragon
  2540 | D:4      | Reached skill level 5 in Polearms
  2540 | D:4      | Reached XP level 7. HP: 40/55 MP: 7/7
  2846 | D:5      | Entered Level 5 of the Dungeon
  3036 | D:5      | Found a shimmering altar of Xom.
  3137 | D:5      | Found a staircase to the Ecumenical Temple.
  3171 | D:5      | Found a broken altar of Ashenzari.
  3428 | D:5      | Noticed Edmund
  3437 | D:5      | Killed Edmund
  3498 | D:6      | Found a bloodstained altar of Trog.
  3542 | D:6      | Noticed Dowan
  3552 | D:6      | Noticed Maggie
  3559 | D:6      | Noticed Duvessa
  3567 | Abyss:1  | Cast into level 1 of the Abyss (Duvessa)
  3568 | Abyss:1  | Noticed an efreet
  3597 | Abyss:1  | Noticed an ice devil
  3656 | Abyss:2  | HP: 2/55 [hell hound/blast of flame (26)]
  3657 | Abyss:2  | Reached skill level 5 in Fighting
  3657 | Abyss:2  | Killed from afar by a hell hound

Illustrated notes

Levels and vault maps discovered:
D:1:      wheals_arrival_linesprint, layout_rooms
D:2:      layout_rooms, chequers_ecumenical_altar_island,
          chequers_serial_rivers_micro_a, nicolae_half_adder
D:3:      layout_loops_ring, tso_metal_star
D:4:      layout_gridville, mainiacjoe_overflow_alcove_1, uniq_menkaure
D:5:      layout_basic, lemuel_doored_altar, ashenzari_altar_1, temple_green,
          uniq_edmund
D:6:      layout_rooms, mainiacjoe_overflow_six_doors_small,
          mainiacjoe_overflow_alcove_3, uniq_sigmund, uniq_maggie, uniq_duvessa
Abyss:2:  base: Temple, hangedman_decor_riveting, evilmike_abyss_exit_15

Skill      XL: |  1  2  3  4  5  6  7 |
---------------+----------------------+-----
Polearms       | 3 4 5 |  5.9
Dodging        | 2 3 4 |  4.0
Fighting       | 4 5 |  5.0
Axes           | 1 2 |  2.7
Armour         | |  1.7

Action                     |  1- 3 |  4- 6 |  7- 9 || total
---------------------------+-------+-------+-------++-------
  Melee: Spear             |    83 |   108 |    28 ||   219
         Dagger            |    40 |       |       ||    40
         War axe           |       |    27 |    29 ||    56
 Invoke: Berserk           |       |     2 |     1 ||     3
    Use: Scroll            |       |     1 |       ||     1
   Stab: Sleeping          |     3 |     2 |       ||     5
 Armour: Animal skin       |    25 |    12 |       ||    37
         Ring mail         |       |    23 |    11 ||    34
         Scale mail        |       |       |    18 ||    18
  Dodge: Dodged            |    38 |    28 |    26 ||    92

Table legend: (Time is in decaauts)
 A = Elapsed time spent in this place.
 B = Non-inter-level travel time spent in this place.
 C = Inter-level travel time spent in this place.
 D = Time resting spent in this place.
 E = Time spent auto-exploring this place.
 F = Levels seen in this place.
 G = Mean time per level.
                   A        B        C        D        E       F      G
               +--------+--------+--------+--------+--------+-----+--------+
         Total |   3710 |   3606 |    104 |    401 |   2539 |   8 |  463.8 |
       Dungeon |   3619 |   3515 |    104 |    353 |   2539 |   6 |  603.2 |
         Abyss |     91 |     91 |      0 |     48 |      0 |   2 |   45.5 |
               +--------+--------+--------+--------+--------+-----+--------+

Top non-repeatable levels by time:
     D:2: 857 daAuts
     D:4: 822 daAuts
     D:5: 668 daAuts
     D:3: 604 daAuts
     D:1: 597 daAuts
     D:6: 69 daAuts
 Abyss:2: 50 daAuts
 Abyss:1: 41 daAuts
